Map: Hardwire LE

Players

notsure - Winner!

  • Race: Protoss Protoss
  • League: Bronze

Pafka

  • Race: Terran Terran

VOD

Have the link to the VOD?

Description

Time

  • Played on: April 8, 2022, 11:01 a.m.
  • Length: 9:46
Show
View Real Time Build Order
Export as new Build Order

notsure Protoss - Winner!

Build Orders: 1 Gate Expand 

Get SALT Encoding   

  12  0:00  Probe (Chrono Boost)  
  13  0:10  Probe (Chrono Boost)  
  14  0:18  Pylon  
  14  0:21  Probe  
  15  0:36  Probe  
  15  0:37  Gateway  
  16  0:48  Probe  
  17  0:54  Assimilator  
  17  1:00  Probe  
  18  1:12  Probe  
  19  1:24  Probe  
  20  1:27  Nexus  
  20  1:37  Cybernetics Core  
  20  1:40  Probe  
  21  1:52  Probe  
  22  1:56  Assimilator  
  22  2:00  Pylon  
  22  2:04  Probe  
  23  2:13  Warp Gate  
  23  2:18  Probe  
  23  2:19  Stalker (Chrono Boost)  
  26  2:36  Robotics Facility  
  26  2:41  Probe x2  
  28  2:44  Stalker (Chrono Boost)  
  30  3:04  Pylon  
  30  3:06  Gateway  
  30  3:09  Probe x2  
  30  3:10  Gateway  
  32  3:15  Stalker  
  34  3:25  Observer (Chrono Boost)  
  34  3:42  Immortal (Chrono Boost)  
  38  3:56  Probe x2  
  40  4:06  Stalker x3  
  40  4:08  Probe  
  40  4:09  Probe  
  48  4:21  Probe x2  
  50  4:35  Pylon  
  50  4:38  Twilight Council  
  50  4:40  Probe x2  
  52  4:52  Probe x2  
  54  5:03  Assimilator  
  54  5:04  Probe x2  
  54  5:05  Assimilator  
  56  5:13  Charge (Chrono Boost)  
  56  5:16  Probe x2  
  58  5:29  Probe x2  
  60  5:39  Gateway  
  60  5:42  Gateway  
  60  5:44  Gateway  
  60  5:45  Gateway x2  
  60  5:49  Gateway  
  60  5:52  Gateway  
  60  5:55  Pylon  
  60  5:57  Pylon  
  60  5:59  Pylon  
  60  6:04  Pylon  
  60  6:06  Probe  
  60  6:07  Pylon  
  62  6:15  Pylon  
  62  6:16  Pylon  
  61  6:18  Templar Archives  
  61  6:32  Immortal  
  65  6:43  Zealot x4  
  65  6:44  Zealot x4  
  81  6:53  Zealot x2  
  85  7:05  Pylon x2  
  85  7:07  Pylon  
  85  7:10  Zealot x4  
  85  7:11  Zealot x3  
  99  7:17  Warp Prism (Chrono Boost)  
  101  8:19  High Templar x10  
  121  8:23  Archon  
  121  8:24  Archon x3  
  121  8:25  Archon  
  117  8:51  Zealot x7  
  117  8:52  Zealot x3  
Show
View Real Time Build Order
Export as new Build Order

Pafka Terran 

Build Orders:  

Get SALT Encoding   

  12  0:03  SCV  
  13  0:15  SCV  
  14  0:25  Supply Depot  
  14  0:28  SCV  
  15  0:47  SCV  
  15  0:49  Supply Depot  
  16  0:59  SCV  
  17  1:04  Barracks  
  17  1:11  Supply Depot, SCV  
  18  1:38  SCV  
  19  1:47  Engineering Bay  
  19  1:50  SCV  
  20  2:00  Barracks  
  20  2:02  SCV  
  21  2:14  Refinery, SCV  
  22  2:21  Refinery  
  22  2:26  SCV  
  23  2:52  Reaper  
  24  3:12  Command Center  
  24  3:16  Marine  
  25  3:24  Reaper  
  26  3:29  Supply Depot  
  27  3:34  Reaper  
  27  4:00  Reaper  
  28  4:06  Reaper  
  28  4:07  SCV  
  30  4:19  SCV  
  30  4:23  Factory  
  31  4:31  SCV  
  31  4:32  Reaper  
  31  4:36  Refinery  
  31  4:38  Reaper, SCV  
  35  4:43  SCV  
  36  4:50  SCV  
  37  4:56  SCV  
  38  5:02  SCV  
  39  5:08  Refinery, SCV  
  39  5:10  Reaper  
  41  5:14  SCV  
  41  5:20  SCV  
  43  5:22  Reaper  
  43  5:26  SCV  
  45  5:32  SCV  
  46  5:37  Factory Tech Lab  
  46  5:39  SCV  
  46  5:42  Reaper  
  48  5:44  SCV  
  49  5:51  SCV  
  49  5:54  Reaper  
  49  5:56  SCV  
  52  6:00  Supply Depot  
  52  6:08  SCV  
  53  6:12  SCV  
  53  6:14  Reaper  
  55  6:20  SCV  
  55  6:24  SCV  
  57  6:26  Reaper  
  57  6:32  SCV  
  59  6:36  SCV  
  59  6:38  Starport  
  60  6:40  Supply Depot  
  60  6:44  SCV  
  60  6:46  Reaper  
  62  6:48  SCV  
  63  6:56  SCV  
  63  6:58  Reaper  
  63  7:00  SCV  
  66  7:08  Command Center  
  66  7:19  Reaper  
  67  7:30  Reaper  
  68  7:44  Widow Mine  
  68  7:49  Starport Tech Lab  
  68  7:51  Reaper  
  71  8:02  Reaper  
  71  8:03  Fusion Core  
  72  8:21  Refinery  
  72  8:23  Reaper  
  73  8:29  Refinery  
  73  8:44  SCV  
  73  8:45  Armory  
  50  8:56  SCV  
  35  9:08  SCV  
  25  9:20  SCV  
  25  9:32  SCV  
Tags
 
Add a new tag
Caveats
  • Supply blocks, unpowered buildings, or Contaminate may cause inaccurate times.
  • Supply counts are checked every 10 seconds.